 Dungeon Crawl Stone Soup version 0.20.1-1-g8b1a95d (webtiles) character file.

58 vatarom the Insei (level 3, 0/29 HPs)
             Began as a Draconian Transmuter on Sept 21, 2017.
             Was a Follower of Elyvilon.
             Slain by a bat (1 damage)
             ... on level 3 of the Dungeon.
             The game lasted 00:05:14 (1277 turns).

vatarom the Insei (Draconian Transmuter)            Turns: 1277, Time: 00:05:15

Health: 0/29       AC:  5    Str: 12    XL:     3   Next: 75%
Magic:  6/6        EV: 12    Int: 13    God:    Elyvilon [*.....]
Gold:   138        SH:  0    Dex: 12    Spells: 0/6 levels left

rFire    . . .     SeeInvis .     - Unarmed
rCold    . . .     Gourm    .   (no shield)
rNeg     . . .     Faith    .   (armour unavailable)
rPois    .         Spirit   .   (helmet restricted)
rElec    .         Reflect  .   (no cloak)
rCorr    .         Harm     .   (no gloves)
MR       .....                  (no boots)
Stlth    +.........             (no amulet)
Regen    0.1/turn               g - +1 ring of slaying
MPRegen  0.1/turn               k - -3 ring of slaying (curse)

@: lethally poisoned (0 -> -5), protection
A: unfitting armour, cold-blooded, AC +5
a: Lesser Healing, Divine Protection, Renounce Religion


You were on level 3 of the Dungeon.
You worshipped Elyvilon.
Elyvilon was aware of your devotion.
You were hungry.

You visited 1 branch of the dungeon, and saw 3 of its levels.

You collected 138 gold pieces.

Inventory:

Missiles
 a - 49 arrows
Jewellery
 g - a +1 ring of slaying (left hand)
 k - a cursed -3 ring of slaying (right hand)
 l - an uncursed ring of ice
Scrolls
 e - 3 scrolls of recharging
 h - 3 scrolls of identify
Potions
 f - 2 potions of brilliance {unknown}
 j - a potion of curing
Books
 b - a book of Changes

   Spells                             Type                      Level
   a - Beastly Appendage              Transmutation                1
   b - Sticks to Snakes               Transmutation                2
   c - Spider Form                    Transmutation/Poison         3
   d - Ice Form                       Ice/Transmutation            4
   e - Blade Hands                    Transmutation                5
Comestibles
 c - 2 bread rations
 d - a fruit
 i - a meat ration


   Skills:
 + Level 2.1 Fighting
 + Level 2.1 Dodging
 * Level 4.0 Unarmed Combat
 - Level 2.0 Spellcasting
 - Level 2.0 Transmutations
 + Level 0.7 Invocations


You couldn't memorise any spells.
You knew the following spells:

 Your Spells              Type           Power        Failure   Level  Hunger
a - Beastly Appendage     Tmut           #.....       11%         1    ##.....
b - Sticks to Snakes      Tmut           #.......     17%         2    ###....
c - Spider Form           Tmut/Pois      #.........   45%         3    ####...


Dungeon Overview and Level Annotations

Branches:
Dungeon (3/15)

Altars:
Elyvilon
Sif Muna

Annotations:
D:3 Chisa's ghost, amateur DsVM


Innate Abilities, Weirdness & Mutations

Your plain brown scales are hard. (AC +5)
You cannot fit into any form of body armour.
You are cold-blooded and may be slowed by cold attacks.


Message History

Things that are here:
a short sword; a kobold corpse The bat hits you.
* * * LOW HITPOINT WARNING * * *
The bat hits you but does no damage. Chisa's ghost casts a spell at you.
The sting misses you. The bat hits you but does no damage.
The bat closely misses you.
Chisa's ghost gestures at you while chanting.
The sting hits you!
You are more poisoned.
Elyvilon protects you from harm!
* * * LOW HITPOINT WARNING * * *
You feel sick. The bat hits you.
* * * LOW HITPOINT WARNING * * *
The bat hits you but does no damage.
There is a stone staircase leading up here.
Elyvilon protects you from harm! The bat closely misses you.
Chisa's ghost closely misses you. The bat hits you.
You die...

###### ......#
.....+ .w. #..#.#
...# .W #..#.#
...# .. #..#.#
....# . #b@#.#
....#
#.#W##.#......
#####.#.)..#......
..?.............#
#####.#.....$...#
#.#.........#
................
.####....######.
......#


You could see Chisa's ghost and a bat.

Vanquished Creatures
  An adder (D:2)
  An ooze (D:1)
  A dart slug (D:2)
  5 bats
  4 giant cockroaches
  7 goblins
  3 hobgoblins
  4 jackals (D:2)
  A quokka (D:2)
  2 ball pythons (D:2)
  5 frilled lizards
  5 kobolds
  3 rats (D:1)
42 creatures vanquished.

Notes
Turn   | Place    | Note
-------+----------+-------------------------------------------
     0 | D:1      | vatarom the Draconian Transmuter began the quest for the Orb.
     0 | D:1      | Reached XP level 1. HP: 16/16 MP: 3/3
   186 | D:1      | Reached XP level 2. HP: 23/23 MP: 3/5
   682 | D:2      | Reached XP level 3. HP: 25/29 MP: 4/6
   781 | D:2      | Found a faded altar of an unknown god.
   786 | D:2      | Learned a level 2 spell: Sticks to Snakes
   790 | D:2      | Learned a level 3 spell: Spider Form
   811 | D:2      | Became a worshipper of Elyvilon the Healer
   811 | D:2      | Reached * piety under Elyvilon
   842 | D:2      | Found a deep blue altar of Sif Muna.
   999 | D:2      | Reached skill level 4 in Unarmed Combat
  1259 | D:3      | Noticed Chisa's ghost (amateur DsVM)
  1274 | D:3      | Elyvilon protects you from harm!
  1275 | D:3      | HP: 1/29 [bat (1)]
  1277 | D:3      | Elyvilon protects you from harm!
  1277 | D:3      | Slain by a bat

Skill      XL: |  1  2  3 |
---------------+----------+-----
Dodging        | 2 |  2.1
Fighting       | 2 |  2.1
Unarmed Combat | 4 |  4.0
Spellcasting   | |  2.0
Transmutations | |  2.0
Invocations    | |  0.7

Action                   || total
-------------------------++-------
Melee: Unarmed           ||   146
       Tailslap          ||    13
       Kick              ||     3
       Headbutt          ||     3
 Cast: Beastly Appendage ||     6
Invok: Divine Protection ||     1
       Lesser Healing    ||     1
  Use: Scroll            ||     7
 Stab: Sleeping          ||     1
  Eat: Chunk             ||     1
Armor: Skin              ||    44
Dodge: Dodged            ||   112
